 Dungeon Crawl Stone Soup version 0.29.1-15-g9cfb28693d (webtiles) character file.

Game seed: 14383311384437784740

46 redmage the Digger (level 4, -4/33 HPs)
             Began as a Meteoran Earth Elementalist on Sept 13, 2023.
             Killed from afar by Ijyb (7 damage)
             ... with a puff of flame
             ... on level 4 of the Dungeon.
             The game lasted 00:02:34 (195 turns).

redmage the Digger (Meteoran Earth Elementalist)     Turns: 195, Time: 00:02:35

Health: -4/33      AC:  2    Str:  9    XL:     4   Next: 13%
Magic:  4/10       EV: 12    Int: 19    God:
Gold:   31         SH:  0    Dex: 14    Spells: 4/10 levels left

rFire   . . .      SeeInvis .   (no weapon)
rCold   . . .      Faith    .   (no shield)
rNeg    . . .      Spirit   .   a - +0 robe
rPois   .          Reflect  .   (no helmet)
rElec   .          Harm     .   (no cloak)
rCorr   .          Rampage  .   (no gloves)
Will    .....                   (no boots)
Stlth   +.........              (no amulet)
HPRegen 0.11/turn               (no ring)
MPRegen 0.12/turn               (no ring)

@: lethally poisoned (-4 -> -9), glowing
A: sense surroundings 1, otherworldly, glowing, explore regen
a: no special abilities


You were on level 4 of the Dungeon.
You visited 1 branch of the dungeon, and saw 4 of its levels.

You collected 31 gold pieces.

Inventory:

Armour
 a - a +0 robe (worn)
Scrolls
 d - a scroll of fear {unknown}
Potions
 b - a potion of magic
 c - a potion of attraction {unknown}
 e - a potion of haste {unknown}


   Skills:
 - Level 2.6 Dodging
 - Level 1.5 Stealth
 + Level 3.7 Spellcasting
 + Level 0.0 Conjurations
 - Level 1.5 Transmutations
 + Level 4.4 Earth Magic


You had 4 spell levels left.
You knew the following spells:

 Your Spells              Type           Power      Damage    Failure   Level
a - Sandblast             Erth           40%        2d10      2%          1
b - Passwall              Tmut/Erth      11%        N/A       6%          2
c - Stone Arrow           Conj/Erth      24%        3d8       17%         3

Your spell library contained the following spells:

 Spells                   Type           Power      Damage    Failure   Level
 Petrify                  Tmut/Erth      14%        N/A       38%         4


Dungeon Overview and Level Annotations

Branches:
Dungeon (4/15) Zot: 2190
 Temple: D:4-7

Altars:

Annotations:
D:4 Ijyb


Innate Abilities, Weirdness & Mutations

You passively map a small area around you.
You are easily found by Zot.
You glow in the dark.
You regain HP and MP as you explore.


Message History

Ijyb zaps a wand.
The puff of flame hits you!
Casting: Sandblast (safe; 2% risk of failure)
Confirm with . or Enter, or press ? or * to list all spells.
Aiming: Sandblast (safe; 2% risk of failure)
Press: ? - help, Shift-Dir - straight line, f/p - Ijyb
Aim: Ijyb, wielding a +0 dagger of venom, wearing a +0 leather armour and carrying a wand of flame (8) (heavily wounded, 79% to hit)
The blast of sand hits Ijyb.
Ijyb is severely wounded.
Ijyb hits you with a +0 dagger of venom.
You are lethally poisoned!
Casting: Sandblast (safe; 2% risk of failure)
Confirm with . or Enter, or press ? or * to list all spells.
Aiming: Sandblast (safe; 2% risk of failure)
Press: ? - help, Shift-Dir - straight line, f/p - Ijyb
Aim: Ijyb, wielding a +0 dagger of venom, wearing a +0 leather armour and carrying a wand of flame (8) (severely wounded, 79% to hit)
The blast of sand hits Ijyb but does no damage.
Ijyb is severely wounded.
* * * LOW HITPOINT WARNING * * *
You feel very sick. Ijyb misses you.
Casting: Sandblast (safe; 2% risk of failure)
Confirm with . or Enter, or press ? or * to list all spells.
Aiming: Sandblast (safe; 2% risk of failure)
Press: ? - help, Shift-Dir - straight line, f/p - Ijyb
Aim: Ijyb, wielding a +0 dagger of venom, wearing a +0 leather armour and carrying a wand of flame (8) (severely wounded, 79% to hit)
The blast of sand hits Ijyb.
Ijyb is severely wounded.
* * * LOW HITPOINT WARNING * * *
You feel very sick. Ijyb barely misses you. x2
Casting: Sandblast (safe; 2% risk of failure)
Confirm with . or Enter, or press ? or * to list all spells.
Aiming: Sandblast (safe; 2% risk of failure)
Press: ? - help, Shift-Dir - straight line, f/p - Ijyb
Aim: Ijyb, wielding a +0 dagger of venom, wearing a +0 leather armour and carrying a wand of flame (8) (severely wounded, 79% to hit)
The blast of sand misses Ijyb.
* * * LOW HITPOINT WARNING * * *
You feel very sick.
Ijyb zaps a wand.
The puff of flame hits you!
You die...

* ##. .## , ..
...## *##.##...#
.###.......# ,,
...........# ### ,
........[.# .... *
*......g...#.....,
,,
.......@........,,
, .....$..<..##..
, , ####......## *
, , , #......# ,
#........, * , ,
##........ * , *
#..........*,
#.......#... * ,
..>......##..


You could see Ijyb.

Vanquished Creatures
  A hound (D:3)
  A worm (D:3)
  2 endoplasms (D:1)
  2 giant cockroaches
  A goblin (D:3)
  A hobgoblin (D:1)
  2 kobolds (D:1)
  A quokka (D:3)
11 creatures vanquished.

Notes
Turn   | Place    | Note
-------+----------+-------------------------------------------
     0 | D:1      | redmage the Meteoran Earth Elementalist began the quest for
                  | the Orb.
     0 | D:1      | Reached XP level 1. HP: 14/14 MP: 5/5
    34 | D:1      | Reached XP level 2. HP: 20/20 MP: 2/6
   100 | D:3      | Learned a level 2 spell: Passwall
   165 | D:3      | Noticed a hound
   170 | D:3      | Killed a hound
   171 | D:3      | Reached skill level 4 in Earth Magic
   171 | D:3      | Reached XP level 3. HP: 17/26 MP: 5/9
   171 | D:3      | Reached XP level 4. HP: 21/33 MP: 5/10
   176 | D:3      | Learned a level 3 spell: Stone Arrow
   187 | D:4      | Noticed Ijyb
   195 | D:4      | Killed from afar by Ijyb

Illustrated notes

Levels and vault maps discovered:
D:1:      spicycebolla_green_bress_n_ham, layout_loops_corners
D:2:      layout_basic, shapermc_ecumenical_altar_hornbeckon, serial_rivers,
          chequers_serial_rivers_room_b, chequers_serial_rivers_micro_c,
          chequers_serial_rivers_micro_e, chequers_serial_rivers_small_a,
          chequers_serial_rivers_room_a, chequers_serial_rivers_micro_b,
          serial_shops, shop, st_stairs_7, nrook_campfire
D:3:      layout_basic, serial_shops, shop, columned_hall_lemuel,
          kennysheep_generic_room_15
D:4:      layout_cave_pools, temple_hall, uniq_ijyb

Skill      XL: |  1  2 |
---------------+-------+-----
Spellcasting   | 3 |  3.7
Earth Magic    | 4 |  4.4
Dodging        | |  2.6
Stealth        | |  1.5
Transmutations | |  1.5

Action                   |  1- 3 |  4- 6 || total
-------------------------+-------+-------++-------
Melee: Unarmed           |     1 |       ||     1
 Cast: Sandblast         |    20 |     8 ||    28
       Passwall          |     3 |       ||     3
Armor: Robe              |     4 |       ||     4
Dodge: Dodged            |     9 |     4 ||    13
